 Dungeon Crawl Stone Soup version 0.29.1-14-g9c671dbff4 (webtiles) character file.

Game seed: 16525728068305205472

349 Ast3rio the Covered (level 6, -1/53 HPs)
             Began as a Hill Orc Fighter on Feb 16, 2023.
             Was an Initiate of Beogh.
             Slain by a gnoll
             ... wielding a +0 spear
             ... led by a gnoll bouda
              (2 damage)
             ... on level 5 of the Dungeon.
             The game lasted 00:11:04 (3145 turns).

Ast3rio the Covered (Hill Orc Fighter)              Turns: 3145, Time: 00:11:34

Health: -1/53      AC:  9    Str: 21    XL:     6   Next: 60%
Magic:  0/0        EV:  9    Int: 13    God:    Beogh [......]
Gold:   179        SH:  4    Dex: 10    Spells: 5/5 levels left

rFire   + . .      SeeInvis .   o - +2 long sword (vorpal)
rCold   . . .      Faith    .   c - +0 buckler
rNeg    . . .      Spirit   .   b - +0 scale mail
rPois   .          Reflect  .   (no helmet)
rElec   .          Harm     .   (no cloak)
rCorr   .          Rampage  .   (no gloves)
Will    .....                   p - +1 pair of boots of the Dolphin {rF+ Regen+ MP-9 Int+5}
Stlth   ..........              (no amulet)
HPRegen 0.97/turn               (no ring)
MPRegen 0.07/turn               (no ring)

@: mighty, lethally poisoned (-1 -> -4), weakened
A: no striking features
a: Renounce Religion


You were on level 5 of the Dungeon.
You worshipped Beogh.
Beogh was noncommittal.
You visited 1 branch of the dungeon, and saw 5 of its levels.

You collected 179 gold pieces.

Inventory:

Hand Weapons
 a - a +0 war axe
 f - a +1 vampiric short sword
 o - a +2 vorpal long sword (weapon)
Armour
 b - a +0 scale mail (worn)
 c - a +0 buckler (worn)
 p - the +1 pair of boots of the Dolphin (worn) {rF+ Regen+ MP-9 Int+5}
   (You found it on level 2 of the Dungeon)

   Int:       It affects your intelligence (+5).
   rF:        It protects you from fire.
   MP:        It affects your magic capacity (-9).
   Regen:     It increases your rate of health regeneration.
Jewellery
 u - a ring of see invisible
Scrolls
 g - 3 scrolls of fear
 i - 3 scrolls of identify
 k - a scroll of enchant weapon {unknown}
 m - 2 scrolls of noise
 r - a scroll of vulnerability
 s - a scroll of silence {unknown}
 t - a scroll of blinking
 v - 2 scrolls of summoning {unknown}
 w - a scroll of magic mapping {unknown}
Potions
 e - a potion of mutation {unknown}
 h - a potion of haste {unknown}
 j - a potion of attraction {unknown}
 n - a potion of lignification {unknown}
 q - a potion of degeneration {unknown}


   Skills:
 + Level 4.6 Fighting
 + Level 1.5(2.5) Short Blades
 + Level 3.4(3.6) Long Blades
 + Level 3.0 Axes
 + Level 4.8 Armour
 + Level 1.4 Dodging
 + Level 0.1 Stealth
 + Level 4.0 Shields


You had 5 spell levels left.
You didn't know any spells.
Your spell library contained the following spells:

 Spells                   Type           Power      Damage    Failure   Level
 Apportation              Tloc           0%         N/A       71%         1
 Necrotise                Necr           0%         1d4       71%         1
 Summon Small Mammal      Summ           0%         N/A       71%         1


Dungeon Overview and Level Annotations

Branches:
Dungeon (5/15)
 Temple: D:4-7

Altars:
Elyvilon

Shops:
D:4 (([:=


Message History

You hit the gnoll.
The gnoll is severely wounded.
You feel very sick.
The gnoll hits you but does no damage. x3; The gnoll hits you with a +0 spear.
You block the gnoll bouda's attack.
You hit the gnoll.
The gnoll is almost dead.
You feel sick. The gnoll closely misses you. The gnoll barely misses you.
The gnoll hits you with a +0 spear. The gnoll closely misses you.
The gnoll bouda calls upon its god to heal the gnoll.
The gnoll is healed somewhat.
The gnoll hits you but does no damage. The gnoll barely misses you. x2
The gnoll bouda hits you with a +1 whip of venom.
You are more poisoned.
The gnoll misses you.
You barely miss the gnoll.
The gnoll is heavily wounded.
You feel very sick. The gnoll hits you with a +0 flail.
The gnoll hits you with a +0 whip.
* * * LOW HITPOINT WARNING * * *
The gnoll hits you with a +0 spear.
* * * LOW HITPOINT WARNING * * *
The gnoll barely misses you.
The gnoll bouda hits you with a +1 whip of venom!
* * * LOW HITPOINT WARNING * * *
You feel better. The gnoll barely misses you. You block the gnoll's attack.
The gnoll hits you with a +0 spear.
* * * LOW HITPOINT WARNING * * *
The gnoll hits you with a +0 spear.
* * * LOW HITPOINT WARNING * * *
The gnoll bouda hits you with a +1 whip of venom.
* * * LOW HITPOINT WARNING * * *
You are lethally poisoned!
You feel very mighty all of a sudden.
* * * LOW HITPOINT WARNING * * *
You feel very sick. The gnoll hits you but does no damage.
The gnoll hits you with a +0 whip.
* * * LOW HITPOINT WARNING * * *
The gnoll hits you with a +0 spear.
You die...

#....#.........
#....##.#######
........###
..........#
..........#
...#......# # ..
#......# ..# .
#......#########....#
#...........g@gn....#
######......ggg.....#
#...........####
#...........#
#...........#
#...........#
#...........#
#############


You could see a necrophage, a gnoll bouda and 4 gnolls.

Vanquished Creatures
  2 scorpions (D:4)
  A jelly (D:4)
  Jessica (D:3)
  An iguana (D:5)
  An orc wizard (D:3)
  5 adders
  An ufetubus (D:4)
  3 worms
  3 dart slugs
  3 orcs (D:3)
  4 endoplasms
  5 giant cockroaches
  4 goblins
  4 hobgoblins
  8 jackals
  2 quokkas
  4 ball pythons
  3 bats (D:1)
  3 frilled lizards
  7 kobolds
  6 rats
71 creatures vanquished.

Notes
Turn   | Place    | Note
-------+----------+-------------------------------------------
     0 | D:1      | Ast3rio the Hill Orc Fighter began the quest for the Orb.
     0 | D:1      | Reached XP level 1. HP: 19/19 MP: 1/1
   139 | D:1      | Reached XP level 2. HP: 23/27 MP: 2/2
   530 | D:1      | Found a faded altar of an unknown god.
   679 | D:1      | Reached XP level 3. HP: 33/33 MP: 3/3
  1225 | D:2      | Reached skill level 1 in Short Blades
  1225 | D:2      | Reached XP level 4. HP: 25/40 MP: 4/4
  1397 | D:2      | Found a white marble altar of Elyvilon.
  1409 | D:2      | Identified the +1 pair of boots of the Dolphin {rF+ Regen+
                  | MP-9 Int+5}
  2011 | D:3      | Reached skill level 1 in Long Blades
  2014 | D:3      | Reached XP level 5. HP: 46/46 MP: 0/5
  2160 | D:3      | Noticed Jessica
  2167 | D:3      | Killed Jessica
  2182 | D:3      | You fall into a shaft and drop 1 floor!
  2189 | D:4      | Found Cur Xuffuka's Book Shoppe.
  2321 | D:4      | Found Hepp's Jewellery Shoppe.
  2464 | D:4      | Found Otul's Weapon Emporium.
  2471 | D:4      | Reached skill level 1 in Dodging
  2537 | D:4      | Found Itithrana's Weapon Emporium.
  2626 | D:4      | Found Haphi's Antique Armour Boutique.
  2646 | D:4      | Became a worshipper of Beogh the Brigand
  2651 | D:4      | Reached XP level 6. HP: 53/53 MP: 0/6
  3020 | D:5      | Entered Level 5 of the Dungeon
  3145 | D:5      | HP: 2/53 [poisoned by a gnoll bouda]
  3145 | D:5      | Slain by a gnoll

Illustrated notes

Levels and vault maps discovered:
D:1:      wander_arrival_estate, layout_rooms, hellmonk_ecumenical_altar_zigzags
D:2:      layout_loops_ring, basic_altar, minivault_25
D:3:      layout_loops_corners, mainiacjoe_overflow_24_doors,
          roderic_serpentine_path, uniq_jessica, uniq_grinder
D:4:      layout_cave_pods, serial_shops, shop, kennysheep_mini_moat,
          nicolae_stop_n_shop_1, nicolae_square_shop, shop
D:5:      layout_basic, nicolae_sif_muna_little_library,
          grunt_temple_overflow_diamond, minmay_misc_feat_nine_boxes,
          minmay_ogre_servants

Skill      XL: |  1  2  3  4  5  6 |
---------------+-------------------+-----
Axes           | 3 |  3.0
Armour         | 4 |  4.8
Fighting       | 4 |  4.6
Short Blades   | 1 |  1.5
Long Blades    | 1 2 3 |  3.4
Dodging        | 1 |  1.4
Shields        | 4 |  4.0
Stealth        | |  0.1

Action                   |  1- 3 |  4- 6 || total
-------------------------+-------+-------++-------
Melee: War axe           |    22 |       ||    22
       Short sword       |   150 |       ||   150
       Long sword        |       |   113 ||   113
Invok: Convert to Beogh  |       |     1 ||     1
  Use: Potion            |       |     3 ||     3
       Scroll            |       |     4 ||     4
Armor: Scale mail        |   107 |    61 ||   168
Dodge: Dodged            |   118 |    72 ||   190
Block: Buckler           |    53 |    23 ||    76
